AoeStats
← ihate

Oasis

508950261Analyzed
2v2 RM · 8d ago on Sep 24, 2026· 52m 22s· 4 players
Game mode
Random Map
Map size
Medium (4 player)
Population
200
Speed
Normal
Resources
Standard
Victory
Conquest
Starting age
Dark Age
Ending age
Imperial Age
RankedLock teamsTeams togetherTeam positionsShared explorationLock speedFull tech treeHidden civsTurbo modeCheats
Victory
Defeat
🇩🇪 Danes · Germany
1040
+14
🇩🇪 Varangians · Germany
979
+17
🇩🇪 Franks · Germany
1027
-35
🇩🇪 Vietnamese · Germany
982
-21
ihate
10:57 Feudal Age
9:49 Loom
11:44 Double-Bit Axe
17:57 Horse Collar
20:32 Castle Age
18:32 Horse Collar
18:57 Gold Mining
20:23 Fletching
21:44 Heavy Plow
21:37 Town Watch
22:19 Bow Saw
26:52 Wheelbarrow
31:09 Imperial Age
29:00 Hand Cart
29:49 Bodkin Arrow
30:52 Ballistics
31:27 Padded Archer Armor
31:54 Bracer
31:17 Elite Rattan Archer
33:05 Two-Man Saw
33:17 Crop Rotation
33:02 Fortified Wall
34:40 Thumb Ring
35:22 Leather Archer Armor
36:47 Coinage
36:53 Paper Money
36:53 Arrowslits
38:13 Chemistry
38:22 Stone Mining
39:03 Siege Engineers
38:51 Guard Tower
39:09 Siege Engineers
41:06 Banking
46:45 Elite Battle Elephant
47:27 Husbandry
48:38 Scale Barding Armor
48:45 Forging
49:53 Guilds
50:14 Chain Barding Armor
51:14 Chatras
51:44 Bloodlines
HaZefarmer
2:57 Loom
11:18 Feudal Age
20:48 Castle Age
19:08 Town Watch
21:50 Scale Barding Armor
21:57 Forging
21:52 Husbandry
25:32 Iron Casting
31:09 Chain Barding Armor
31:41 Ballistics
32:05 Town Patrol
35:13 Imperial Age
37:02 Wheelbarrow
36:28 Fletching
36:58 Gold Mining
36:48 Cavalier
38:03 Hand Cart
37:58 Bodkin Arrow
40:18 Caravan
43:00 Murder Holes
49:26 Blast Furnace
Pmaster5
7:16 Loom
9:34 Feudal Age
9:37 Man-at-Arms
21:15 Castle Age
21:01 Double-Bit Axe
25:39 Ballistics
30:18 Scale Mail Armor
30:12 Fletching
32:26 Arson
32:31 Elite Skirmisher
34:46 Scale Mail Armor
37:00 Wheelbarrow
36:11 Town Watch
40:22 Imperial Age
38:00 Bodkin Arrow
42:08 Chain Mail Armor
42:22 Bracer
43:45 Chemistry
44:07 Plate Mail Armor
43:48 Forging
46:02 Northmen's Fury
50:08 Capped Ram
Polle
5:21 Loom
12:08 Feudal Age
12:34 Double-Bit Axe
12:32 Horse Collar
19:53 Castle Age
18:25 Scale Mail Armor
18:27 Gold Mining
20:12 Forging
19:57 Stone Mining
20:45 Bow Saw
20:37 Heavy Plow
22:49 Stone Shaft Mining
22:27 Gambesons
22:43 Squires
22:28 Arson
23:03 Chain Mail Armor
24:25 Wheelbarrow
25:54 Iron Casting
28:07 Hand Cart
30:20 Town Watch
37:24 Imperial Age
37:36 Capped Ram
37:40 Elite Varangian Guard
38:55 Plate Mail Armor
39:26 Blast Furnace
39:30 Two-Man Saw
39:03 Crop Rotation
38:36 Town Patrol
38:40 Gothikon
39:45 Conscription
41:20 Siege Ram
43:11 Siege Engineers
43:46 Scale Barding Armor
46:22 Chain Barding Armor
50:12 Murder Holes
49:57 Treadmill Crane
50:29 Fortified Wall
51:12 Light Cavalry
51:54 Husbandry
52:07 Bloodlines
Connection lost

Rejoining the realm…

Still unreachable

The connection could not be restored.

Session expired

The server has moved on; the page needs a fresh start.